 Dungeon Crawl Stone Soup version 0.28-a0-691-gad6df49e81 (webtiles) character file.

Game seed: 7007116374422422139

315 Irenicus the Geomancer (level 6, -1/49 HPs)
             Began as a Deep Dwarf Earth Elementalist on Oct 20, 2021.
             Slain by an ogre (13 damage)
             ... on level 5 of the Dungeon.
             The game lasted 00:08:54 (1349 turns).

Irenicus the Geomancer (DDEE)                       Turns: 1349, Time: 00:08:55

Health: -1/49      AC:  4    Str: 12    XL:     6   Next: 19%
Magic:  8/8        EV: 12    Int: 17    God:
Gold:   31         SH:  0    Dex: 13    Spells: 5/8 levels left

rFire   . . .      SeeInvis .   a - +0 dagger
rCold   + . .      Faith    .   (no shield)
rNeg    . . .      Spirit   .   k - +0 leather armour
rPois   .          Reflect  .   g - +0 helmet
rElec   .          Harm     .   (no cloak)
rCorr   .          Rampage  .   (no gloves)
Will    .....                   (no boots)
Stlth   ++........              l - amulet of magic regeneration
HPRegen 0.00/turn               C - ring of protection from cold
MPRegen 0.36/turn               (no ring)

@: no status effects
A: damage resistance, heal wounds, sense surroundings 1, no regeneration
a: Heal Wounds


You were on level 5 of the Dungeon.
You visited 2 branches of the dungeon, and saw 6 of its levels.

You collected 331 gold pieces.
You spent 300 gold pieces at shops.


Innate Abilities, Weirdness & Mutations

You are resistant to damage.
You can heal yourself by infusing magical energy.
You passively map a small area around you.
You do not regenerate.


   Skills:
 - Level 2.1 Dodging
 - Level 2.4 Stealth
 - Level 1.7 Spellcasting
 - Level 0.8 Transmutations
 + Level 9.2 Earth Magic


You had 5 spell levels left.
You knew the following spells:

 Your Spells              Type           Power      Damage    Failure   Level
w - Passwall              Tmut/Erth      15%        N/A       4%          2
z - Sandblast             Erth           66%        2d15      1%          1

Your spell library contained the following spells:

 Spells                   Type           Power      Damage    Failure   Level
 Stone Arrow              Conj/Erth      34%        3d9       11%         3
 Sting                    Tmut/Pois      8%         1d3       22%         1
 Petrify                  Tmut/Erth      18%        N/A       30%         4
 Poisonous Vapours        Pois/Air       2%         N/A       36%         2
 Olgreb's Toxic Radiance  Pois           1%         N/A       94%         4

Inventory:

Hand Weapons
 a - a +0 dagger (weapon)
Armour
 g - a +0 helmet (worn)
 k - a +0 leather armour (worn)
Jewellery
 l - an amulet of magic regeneration (around neck)
 C - a ring of protection from cold (left hand)
Scrolls
 d - a scroll of fog {unknown}
 e - a scroll of identify {@r1}
 f - a scroll of immolation {unknown}
 h - a scroll of vulnerability {unknown}
 j - a scroll of torment {unknown}
Potions
 b - a potion of curing {@q1}
 i - 2 potions of brilliance {unknown}

Dungeon Overview and Level Annotations

Branches:
Dungeon (5/15)             Temple (1/1) D:4

Altars:
Ashenzari
Cheibriados
Dithmenos
Elyvilon
Fedhas
Hepliaklqana
Uskayaw
Wu Jian
Xom
Yredelemnul

Shops:
D:4 =?=

Annotations:
D:3 3 runed translucent doors, kae's ghost, amateur DrTm

, * ** * ▒▒▒.
▒+▒▒▒ , <* ...
...... ... ..... *
** #.##...### *
####.#......#
#....#......#
#....@O..[..#,
#....#?......
#....#.....(.
#######'#....... ,
#...............
#.............#.
####.........###.#
, #........#.###
*.#,, #.#####..#.#


You could see an ogre.


Message History

Confirm with . or Enter, or press ? or * to list all spells.
Aiming: Sandblast (safe; 1% risk of failure)
Press: ? - help, Shift-Dir - straight line, f - adder
Aim: an adder (70% to hit)
The blast of sand hits the adder!!
You kill the adder!
You now have no stones remaining.
Casting: Sandblast (safe; 1% risk of failure)
Confirm with . or Enter, or press ? or * to list all spells.
You don't have any stones to cast with.
Unknown command.
Unknown command.
Okay, then.
As you read the scroll labelled XUJOLU NIFYLUMY, it crumbles to dust.
It is a scroll of identify.
b - a potion of curing The water moccasin skeleton misses you.
There is a stone staircase leading down here.
The water moccasin skeleton bites you but does no damage.
You climb downwards.
You hear the hiss of flowing sand.
There is an entrance to an ossuary on this level.
Hurry and find it before the portal is buried!
There is a stone staircase leading up here.
There is an open door here.
An ogre comes into view. It is wielding a +0 giant spiked club.
Found a leather armour.
The ogre shouts!
Found a scroll labelled XOG DOTI KOB and 23 stones.
The ogre hits you with a +0 giant spiked club!
You die...

Skill      XL: |  1  2  3  4  5 |
---------------+----------------+-----
Earth Magic    | 5 6 7 9 |  9.2
Dodging        | |  2.1
Stealth        | |  2.4
Spellcasting   | |  1.7
Transmutations | |  0.8

Action                   |  1- 3 |  4- 6 || total
-------------------------+-------+-------++-------
Melee: Unarmed           |     4 |       ||     4
       Dagger            |    24 |     4 ||    28
 Cast: Sandblast         |    47 |    25 ||    72
       Passwall          |     2 |       ||     2
  Use: Potion            |     1 |       ||     1
       Scroll            |       |     1 ||     1
 Stab: Sleeping          |     4 |     1 ||     5
Armor: Robe              |     5 |       ||     5
       Leather armour    |       |     2 ||     2
Dodge: Dodged            |    41 |     2 ||    43

Levels and vault maps discovered:
D:1:      ldierk_walled_garden, layout_basic, ebering_ecumenical_altar_rust,
          serial_forest, infiniplex_forest_lined_corner,
          infiniplex_forest_clump_double, infiniplex_forest_lined_4_way,
          infiniplex_forest_lined_3, infiniplex_forest_clump_medium,
          infiniplex_forest_end_3
D:2:      layout_rooms, basic_altar, roderic_roman_lattice
D:3:      layout_basic, lemuel_blue_sif_altar, ebering_ghost_rock_garden,
          minmay_misc_feat_tiny, hex_intersection, uniq_jessica
D:4:      cheibrodos_barr_body, layout_loops_ring, grunt_temple_overflow_open,
          minmay_temple_entry_purple_smoke, serial_shops,
          nicolae_inconvenience_store, shop_coins, nicolae_shop_trees,
          minmay_gold_behind_fungi
D:5:      layout_basic, amcnicky_altar_gilded,
          nicolae_uskayaw_murder_on_the_dancefloor, serial_shops, shop, shop,
          nicolae_ossuary_entry_giza
Temple:   nicolae_temple_figure_zero

Notes
Turn   | Place    | Note
-------+----------+-------------------------------------------
     0 | D:1      | Irenicus the Deep Dwarf Earth Elementalist began the quest
                  | for the Orb.
     0 | D:1      | Reached XP level 1. HP: 15/15 MP: 3/3
    37 | D:1      | Reached XP level 2. HP: 17/22 MP: 0/4
   136 | D:1      | Reached skill level 5 in Earth Magic
   248 | D:1      | Reached XP level 3. HP: 18/28 MP: 2/5
   361 | D:1      | Found a faded altar of an unknown god.
   459 | D:2      | Reached skill level 6 in Earth Magic
   542 | D:2      | Learned a level 2 spell: Passwall
   572 | D:2      | Found a hide-covered altar of Uskayaw.
   797 | D:3      | Reached XP level 4. HP: 16/36 MP: 4/6
   798 | D:3      | Found a runed translucent gate.
   798 | D:3      | Found a runed translucent gate.
   798 | D:3      | Found a runed translucent gate.
   798 | D:3      | Noticed kae's ghost (amateur DrTm)
   842 | D:4      | Found Plog's Jewellery Boutique.
   854 | D:4      | Noticed an ogre
   863 | D:4      | Killed an ogre
   864 | D:4      | Reached skill level 7 in Earth Magic
   864 | D:4      | Reached XP level 5. HP: 16/42 MP: 1/7
   867 | D:4      | Found a staircase to the Ecumenical Temple.
   889 | Temple   | Entered the Ecumenical Temple
  1039 | D:4      | Reached skill level 8 in Earth Magic
  1173 | D:4      | Found Datyip's Magic Scroll Shop.
  1223 | D:4      | Found Fufec's Jewellery Emporium.
  1258 | D:4      | Bought an amulet of magic regeneration for 300 gold pieces
  1288 | D:4      | Noticed an ogre
  1294 | D:4      | Killed an ogre
  1295 | D:4      | Reached skill level 9 in Earth Magic
  1295 | D:4      | Reached XP level 6. HP: 12/49 MP: 5/8
  1297 | D:4      | Noticed a yak
  1332 | D:5      | Entered Level 5 of the Dungeon
  1349 | D:5      | Slain by an ogre

Vanquished Creatures
  2 ogres (D:4)
  A water moccasin skeleton (D:4)
  3 adders
  A worm (D:3)
  4 dart slugs
  An orc (D:4)
  6 ball pythons
  5 endoplasms
  2 giant cockroaches
  5 goblins
  5 hobgoblins
  7 jackals (D:2)
  6 kobolds
  8 quokkas
  3 bats
  A frilled lizard (D:3)
  4 rats
64 creatures vanquished.

Vanquished Creatures (others)
  4 fungi (D:4)
  4 plants (D:1)
  7 toadstools
15 creatures vanquished.

Grand Total: 79 creatures vanquished

Table legend: (Time is in decaauts)
 A = Elapsed time spent in this place.
 B = Non-inter-level travel time spent in this place.
 C = Inter-level travel time spent in this place.
 D = Time resting spent in this place.
 E = Time spent auto-exploring this place.
 F = Levels seen in this place.
 G = Mean time per level.
                   A        B        C        D        E       F      G
               +--------+--------+--------+--------+--------+-----+--------+
         Total |   1347 |   1211 |    136 |      0 |      7 |   6 |  224.5 |
       Dungeon |   1287 |   1157 |    130 |      0 |      7 |   5 |  257.4 |
        Temple |     60 |     54 |      6 |      0 |      0 |   1 |   60.0 |
               +--------+--------+--------+--------+--------+-----+--------+

Top non-repeatable levels by time:
     D:1: 456 daAuts
     D:4: 441 daAuts
     D:2: 324 daAuts
  Temple: 60 daAuts
     D:3: 47 daAuts
     D:5: 16 daAuts

Table legend:
 A = Non-vault XP
 B = Vault XP
 C = Vault XP percentage of total XP
 D = Non-vault monster count
 E = Vault monster count
 F = Vault count percentage of total count
                 A         B        C        D         E       F
            +---------+---------+-------+---------+---------+-------
      Total |     304 |     146 |  32.4 |      60 |       4 |   6.2
            +---------+---------+-------+---------+---------+-------
        D:1 |      55 |       0 |   0.0 |      28 |       0 |   0.0
        D:2 |      40 |       0 |   0.0 |      16 |       0 |   0.0
        D:3 |      12 |       0 |   0.0 |       4 |       0 |   0.0
        D:4 |     197 |     146 |  42.6 |      12 |       4 |  25.0
            +---------+---------+-------+---------+---------+-------
